 Dungeon Crawl Stone Soup version 0.28-a0-991-g956f0ee3d5 (webtiles) character file.

Game seed: 16378517245094004918

40432 tilp the Covert (level 11, -4/51 (54) HPs)
             Began as a Felid Ice Elementalist on Dec 4, 2021.
             Was the Champion of Ru.
             Slain by a large slime creature (25 damage)
             ... on level 12 of the Dungeon.
             The game lasted 01:00:10 (31413 turns).

tilp the Covert (Felid Ice Elementalist)           Turns: 31413, Time: 01:00:11

HP:   -4/51 (54)    AC: 13    Str:  2    XL:     11   Next: 74%
MP:   15/24         EV: 19    Int: 18    God:    Ru [******]
Gold: 1053          SH:  0    Dex: 18    Spells: 7/26 levels left
                                        Lives: 0   Deaths: 2

rFire   . . .      SeeInvis +     - Unarmed
rCold   + . .      Faith    .   (shield unavailable)
rNeg    . . .      Spirit   .   (armour unavailable)
rPois   .          Reflect  .   (helmet unavailable)
rElec   .          Harm     .   (cloak unavailable)
rCorr   .          Rampage  .   (gloves unavailable)
Will    +....                   (boots unavailable)
Stlth   +++++.....              b - amulet of regeneration
HPRegen 0.97/turn               t - ring of fire
MPRegen 0.19/turn               y - ring of ice

@: exhausted, ice-armoured, drained, quick
A: very small, claws 1, fangs 3, see invisible, dopey 1, speed 1, shaggy fur 3,
weak 1, inability to use devices, hated by all, reduced EV 1, inexperienced 1,
stealthy paws, no weapons or thrown items, no armour, multi-lived
a: Renounce Religion, Draw Out Power, Power Leap, Apocalypse


You were on level 12 of the Dungeon.
You worshipped Ru.
Ru was exalted by your worship.
You visited 3 branches of the dungeon, and saw 19 of its levels.
You also visited: Ice Cave.

You collected 1053 gold pieces.

Inventory:

Jewellery
 b - an amulet of regeneration (around neck)
 c - a ring of positive energy
 f - a ring of ice
 l - a ring of protection from cold
 m - a +4 ring of slaying
 p - an amulet of magic regeneration
 t - a ring of fire (left paw)
 v - a ring of fire
 y - a ring of ice (right paw)
 z - a +6 ring of strength
 F - a +4 ring of slaying
 G - a +6 ring of intelligence
 H - a ring of resist corrosion
 K - a +6 ring of strength
Scrolls
 i - a scroll of teleportation
 k - 5 scrolls of immolation
 s - 4 scrolls of amnesia
 w - 2 scrolls of fog
 A - a scroll of holy word
 B - 2 scrolls of fear
 D - a scroll of magic mapping
 E - a scroll of silence
 I - a scroll of identify
 J - a scroll of blinking
Potions
 a - a potion of invisibility
 d - 3 potions of mutation
 e - 5 potions of lignification
 g - 5 potions of attraction
 h - 3 potions of magic
 j - 2 potions of ambrosia
 n - 8 potions of curing
 o - 3 potions of berserk rage
 q - a potion of flight
 r - 3 potions of might
 u - 2 potions of haste
 x - 2 potions of brilliance
 C - 2 potions of heal wounds


   Skills:
 - Level 10.0 Fighting
 - Level 10.0 Dodging
 - Level 12.0 Stealth
 - Level 12.0 Unarmed Combat
 - Level 8.0 Spellcasting
 + Level 11.3 Conjurations
 + Level 5.8 Fire Magic
 + Level 11.3 Ice Magic


You had 7 spell levels left.
You knew the following spells:

 Your Spells              Type           Power      Damage    Failure   Level
a - Freeze                Ice            100%       1d11      1%          1
b - Frozen Ramparts       Ice            100%       1d12      1%          3
c - Ozocubu's Armour      Ice            64%        N/A       1%          3
d - Hailstorm             Conj/Ice       64%        3d14      1%          4
e - Foxfire               Conj/Fire      100%       2x1d9     1%          1
f - Conjure Flame         Conj/Fire      55%        6-21      1%          3
g - Flame Wave            Conj/Fire      55%        2d9       2%          4

Your spell library contained the following spells:

 Spells                   Type           Power      Damage    Failure   Level
 Inner Flame              Hex/Fire       26%        N/A       9%          3
 Apportation              Tloc           14%        N/A       10%         1
 Pain                     Necr           28%        1d5       10%         1
 Passwall                 Tmut/Erth      5%         N/A       14%         2
 Sublimation of Blood     Necr           7%         N/A       14%         2
 Irradiate                Conj/Tmut      13%        3d17      26%         5
 Gell's Gravitas          Tloc           7%         N/A       28%         3
 Lesser Beckoning         Tloc           7%         N/A       28%         3
 Swiftness                Air            7%         N/A       28%         3
 Teleport Other           Tloc           7%         N/A       28%         3
 Petrify                  Tmut/Erth      7%         N/A       67%         4
 Agony                    Necr           7%         N/A       95%         5
 Alistair's Intoxication  Tmut/Pois      4%         N/A       95%         5
 Blade Hands              Tmut           3%         N/A       95%         5
 Eringya's Noxious Bog    Tmut/Pois      3%         N/A       100%        6
 Dragon Form              Tmut           3%         N/A       100%        7
 Excruciating Wounds      Necr           Unusable   N/A       N/A         5
 Summon Forest            Summ/Tloc      Unusable   N/A       N/A         5
 Summon Hydra             Summ           Unusable   N/A       N/A         7

Dungeon Overview and Level Annotations

Branches:
Dungeon (12/15)            Temple (1/1) D:6            Lair (6/6) D:8
 Shoals (0/4) Lair:4        Snake (0/4) Lair:2        Slime (0/5) Lair:6
    Orc (0/2) D:12          IceCv (visited)

Altars:
Ashenzari
Cheibriados
Dithmenos
Elyvilon
Fedhas
Gozag
Hepliaklqana
Kikubaaqudgha
Makhleb
Nemelex Xobeh
Okawaru
Qazlal
Ru
Sif Muna
Trog
Uskayaw
Vehumet
Wu Jian
Xom
Yredelemnul
Zin
The Shining One

Annotations:
D:8 Psyche
D:10 Harold
D:11 exclusions: shadow and ugly thing
D:12 Nessos, Sonja
Lair:2 nasty monster vault, 1 exclusion
Lair:3 exclusion: oklob plant


Innate Abilities, Weirdness & Mutations

You have sharp claws.
You have razor-sharp teeth.
You have supernaturally acute eyesight. (SInv)
You are dopey. (Int -2)
You cover ground quickly. (Speed+)
Your thick and shaggy fur keeps you warm. (AC +3, rC+)
You are weak. (Str -2)
You cannot study or use magical devices.
You are hated by all.
You have somewhat slow reflexes. (EV -5)
You are somewhat inexperienced. (-2 XL)
Your paws help you pounce on unaware monsters.
You are incapable of wielding weapons or throwing items.
You cannot wear armour.
You gain extra lives every three experience levels.


Message History

You claw the slime creature!
The slime creature is severely wounded.
Two slime creatures merge to form a large slime creature.
You scratch the large slime creature.
The large slime creature is heavily wounded.
Unknown command.
You claw the large slime creature!
The large slime creature is heavily wounded.
The large slime creature hits you!
You barely miss the large slime creature.
The large slime creature is heavily wounded.
The large slime creature hits you!
* * * LOW HITPOINT WARNING * * *
Unknown command.
You are restored by drawing out deep reserves of power within.
You feel drained.
You redirect the large slime creature's attack!
The large slime creature hits itself!!
Unknown command.
You scratch the large slime creature.
The large slime creature is severely wounded.
You claw the large slime creature!
The large slime creature is almost dead.
The large slime creature hits you!!
You barely miss the large slime creature.
The large slime creature is almost dead.
The large slime creature barely misses you.
You scratch the large slime creature but do no damage.
The large slime creature is almost dead.
The large slime creature hits you!
* * * LOW HITPOINT WARNING * * *
Casting: Ozocubu's Armour (safe; 1% risk of failure)
Confirm with . or Enter, or press ? or * to list all spells.
Aiming: Freeze (safe; 1% risk of failure)
Press: ? - help, Shift-Dir - straight line, f - large slime creature
Aim: a large slime creature (almost dead)
You feel a surge of power!
You freeze the large slime creature!
The large slime creature is almost dead.
The large slime creature hits you!!
You die...

.............######
########.##### # #.#
# #######.### #
#######.........# #
.####.........###...#
# ..............#
###.# #
.......####J###
#.######## #####.>
#@# #>........ #.J#
#.# #.######## #..#
#.# #.# ###.J# #.#
#.# ....####.# #.#
..... ..#######.# ...
#.#.......# #.#
.##.#####.########
#z# #.# ##.#........


You could see a large slime creature.

Vanquished Creatures
  A fire dragon (Lair:6)
  9 hydras
  2 boulder beetles
  3 two-headed ogres
  4 catoblepae
  An alligator (Lair:2)
  13 death yaks
  A skeletal warrior (D:12)
  A lindwurm (Lair:1)
  2 manticores (D:11)
  An oklob plant (Lair:6)
  A cyclops (D:12)
  3 centaur zombies
  A merfolk siren (Lair:4)
  4 black mambas
  Maurice (D:10)
  33 elephants
  A molten gargoyle (Lair:6)
  A gargoyle (D:12)
  An unseen horror (D:12)
  13 komodo dragons
  4 rime drakes
  An ice devil (IceCv)
  16 cane toads
  A queen bee (D:9)
  2 polar bears
  A troll (D:10)
  A hornet (D:11)
  Grinder (D:4)
  Prince Ribbit (D:5)
  24 blink frogs
  A slime creature (D:12)
  9 dream sheep
  The ghost of bmj180 the Digger, an amateur GrEE (D:4)
  Sigmund (D:4)
  60 yaks
  2 wraiths
  9 wyverns
  Eustachio (D:5)
  7 basilisks
  5 steam dragons
  4 vampire mosquitoes (D:10)
  A death yak simulacrum (IceCv)
  Edmund (D:6)
  Menkaure (D:6)
  An acid dragon (D:10)
  5 nagas (Lair:2)
  22 water moccasins
  Duvessa (D:4)
  4 hell hounds (Lair:6)
  7 orc warriors
  An ice beast (D:6)
  3 black bears
  A necrophage (D:7)
  An ogre (D:5)
  3 centaurs
  25 wolves
  3 phantoms
  A kobold brigand (D:7)
  Blork the orc (D:5)
  7 bullfrogs
  A gnoll sergeant (D:10)
  A two-headed ogre simulacrum (IceCv)
  9 scorpions
  2 wyvern skeletons (D:7)
  Dowan (D:4)
  24 killer bees
  An elephant simulacrum (IceCv)
  6 wights
  5 howler monkeys
  5 lava snakes (Lair:6)
  2 bullfrog zombies
  6 hounds
  8 orc priests
  A jelly (D:6)
  Crazy Yiuf (D:5)
  Ijyb (D:4)
  4 iguanas
  5 orc wizards
  A spriggan simulacrum (IceCv)
  A troll simulacrum (IceCv)
  2 polar bear simulacra (IceCv)
  A killer bee zombie (D:8)
  2 hound skeletons (D:4)
  2 howler monkey zombies
  6 adders
  5 gnolls (D:10)
  2 white imps
  4 ufetubi
  An adder skeleton (D:4)
  5 worms
  29 orcs
  2 bats (D:1)
  4 endoplasms
  2 giant cockroaches
  5 goblins
  4 hobgoblins
  9 jackals
  13 kobolds
  5 quokkas
  6 ball pythons
  4 frilled lizards
  5 rats
  A bush (Lair:6)
542 creatures vanquished.

Vanquished Creatures (others)
  An elephant (Lair:6)
  A komodo dragon (Lair:6)
  A yak (D:10)
  3 bushes
  36 foxfires
  116 fungi
  149 plants
307 creatures vanquished.

Grand Total: 849 creatures vanquished

Notes
Turn   | Place    | Note
-------+----------+-------------------------------------------
     0 | D:1      | tilp the Felid Ice Elementalist began the quest for the
                  | Orb.
     0 | D:1      | Reached XP level 1. HP: 7/7 MP: 4/4
   204 | D:1      | Reached skill level 1 in Unarmed Combat
   567 | D:1      | Reached XP level 2. HP: 11/11 MP: 6/6
  1284 | D:2      | Reached XP level 3. HP: 14/14 MP: 7/7
  1288 | D:2      | Learned a level 3 spell: Frozen Ramparts
  1785 | D:2      | Found an ornate altar of the Wu Jian Council.
  2298 | D:3      | Reached XP level 4. HP: 18/18 MP: 0/8
  2569 | D:3      | Reached XP level 5. HP: 21/21 MP: 1/10
  2867 | D:3      | Found a faded altar of an unknown god.
  2991 | D:3      | Reached skill level 5 in Ice Magic
  3200 | D:3      | Learned a level 3 spell: Ozocubu's Armour
  3451 | D:4      | Noticed Sigmund
  3570 | D:4      | Found a transporter.
  3578 | D:4      | Found a transporter.
  3580 | D:4      | Noticed Dowan
  3798 | D:4      | Noticed Duvessa
  3816 | D:4      | Killed Duvessa
  3817 | D:4      | Gained mutation: You are covered in thick fur. (AC +2)
                  | [Felid growth]
  3817 | D:4      | Reached XP level 6. HP: 17/24 MP: 2/12
  3923 | D:4      | Killed Dowan
  4191 | D:4      | Killed Sigmund
  4192 | D:4      | Reached skill level 1 in Fighting
  4192 | D:4      | Reached XP level 7. HP: 28/28 MP: 14/14
  4637 | D:4      | Noticed bmj180's ghost (amateur GrEE)
  4782 | D:4      | Noticed Grinder
  4819 | D:4      | Noticed Ijyb
  5030 | D:5      | Entered Level 5 of the Dungeon
  5094 | D:5      | Noticed Prince Ribbit
  5104 | D:5      | Killed Prince Ribbit
  5105 | D:5      | Reached skill level 1 in Evocations
  5234 | D:5      | Noticed Blork the orc
  5239 | D:5      | Killed Blork the orc
  5240 | D:5      | Reached skill level 5 in Stealth
  5240 | D:5      | Reached XP level 8. HP: 22/33 MP: 12/15
  5419 | D:5      | Noticed Eustachio
  5431 | D:5      | Killed Eustachio
  5662 | D:5      | Learned a level 4 spell: Hailstorm
  5843 | D:5      | Reached skill level 1 in Conjurations
  6156 | D:5      | Found a runed translucent door.
  6157 | D:5      | Noticed Crazy Yiuf
  6606 | D:6      | Noticed Edmund
  6617 | D:6      | Killed Edmund
  6781 | D:6      | Noticed Menkaure
  6784 | D:6      | Killed Menkaure
  6785 | D:6      | Reached skill level 5 in Spellcasting
  6872 | D:6      | Found a staircase to the Ecumenical Temple.
  6941 | Temple   | Entered the Ecumenical Temple
  7114 | Temple   | Became a worshipper of Ru the Awakened
  7205 | D:6      | Reached XP level 9. HP: 36/36 MP: 17/17
  9154 | D:8      | Gained mutation: You cannot study or use magical devices.
                  | [Ru sacrifice]
  9154 | D:8      | Reached * piety under Ru
  9154 | D:8      | Reached ** piety under Ru
  9197 | D:8      | Learned a level 1 spell: Foxfire
  9352 | D:8      | Reached skill level 5 in Dodging
  9654 | D:8      | Reached XP level 10. HP: 42/42 MP: 6/20
  9855 | D:8      | Found a staircase to the Lair.
  9893 | D:8      | Reached skill level 5 in Unarmed Combat
 10109 | D:8      | Noticed Psyche
 10552 | D:9      | Reached skill level 1 in Fire Magic
 11243 | D:9      | Reached skill level 5 in Conjurations
 11565 | D:9      | Noticed a two-headed ogre
 11574 | D:9      | Killed a two-headed ogre
 11701 | D:9      | Found a bloodstained altar of Trog.
 12040 | D:10     | Entered Level 10 of the Dungeon
 12095 | D:10     | Gained mutation: You are dopey. (Int -2) [Ru sacrifice]
 12095 | D:10     | Reached *** piety under Ru
 12423 | D:10     | Reached XP level 11. HP: 46/46 MP: 14/21
 12860 | D:10     | Noticed Maurice
 13409 | D:10     | Noticed Harold
 13549 | D:10     | Killed Maurice
 13757 | D:11     | Reached skill level 10 in Ice Magic
 13990 | D:11     | Noticed a purple ugly thing
 14473 | D:11     | Noticed a two-headed ogre
 14805 | D:4      | Killed Grinder
 14938 | D:4      | Killed Ijyb
 15135 | D:4      | Killed bmj180's ghost
 15253 | D:5      | Killed Crazy Yiuf
 15361 | Lair:1   | Entered Level 1 of the Lair of Beasts
 15368 | Lair:1   | Noticed a five-headed hydra
 15381 | Lair:1   | Killed a five-headed hydra
 15670 | Lair:1   | Reached skill level 5 in Fighting
 16265 | Lair:1   | Gained mutation: You are weak. (Str -2) [Ru sacrifice]
 16313 | Lair:1   | Gained mutation: Your thick and shaggy fur keeps you warm.
                  | (AC +3, rC+) [Felid growth]
 16313 | Lair:1   | Reached XP level 12. HP: 38/51 MP: 8/22
 16654 | Lair:1   | Reached skill level 10 in Stealth
 16736 | Lair:1   | Noticed a five-headed hydra
 16749 | Lair:1   | Killed a five-headed hydra
 16780 | Lair:1   | Noticed a boulder beetle
 16853 | Lair:1   | Killed a boulder beetle
 17694 | Lair:2   | Learned a level 3 spell: Conjure Flame
 17808 | Lair:2   | Noticed a seven-headed hydra
 17852 | Lair:2   | Killed a seven-headed hydra
 17853 | Lair:2   | Reached skill level 10 in Conjurations
 18381 | Lair:2   | Noticed an alligator
 18392 | Lair:2   | Killed an alligator
 18742 | Lair:2   | Noticed a five-headed hydra
 18742 | Lair:2   | Noticed an anaconda
 18742 | Lair:2   | Noticed a dire elephant
 18920 | Lair:2   | Found a staircase to the Snake Pit.
 18954 | Lair:2   | Reached XP level 13. HP: 57/57 MP: 9/23
 19504 | Lair:3   | Found a frozen archway.
 19521 | IceCv    | Entered an ice cave
 19880 | IceCv    | Learned a level 4 spell: Flame Wave
 20218 | IceCv    | Noticed a reaper
 20961 | Lair:3   | Gained mutation: You are hated by all. [Ru sacrifice]
 20961 | Lair:3   | Reached **** piety under Ru
 21956 | Lair:4   | Reached skill level 10 in Unarmed Combat
 22002 | Lair:4   | You fall into a shaft and drop 2 floors!
 22002 | Lair:6   | Entered Level 6 of the Lair of Beasts
 22489 | Lair:5   | Reached skill level 10 in Dodging
 22810 | Lair:4   | Identified the +7 war axe "Ogageut" {holy, rPois rF+}
 23244 | Lair:4   | Found a staircase to the Shoals.
 23440 | Lair:4   | Gained mutation: You are somewhat inexperienced. (-2 XL)
                  | [Ru sacrifice]
 23440 | Lair:4   | Reached XP level 12. HP: 55/55 MP: 22/22
 23440 | Lair:4   | Reached XP level 11. HP: 51/51 MP: 21/21
 23440 | Lair:4   | Reached ***** piety under Ru
 25184 | Lair:5   | Reached XP level 12. HP: 23/57 MP: 13/22
 25184 | Lair:5   | HP: 2/57 [dream sheep (22)]
 25184 | Lair:5   | Mangled by a dream sheep
 25185 | Lair:5   | Reached XP level 11. HP: -7/53 MP: 13/21
 25200 | Lair:5   | Reached skill level 10 in Fighting
 28143 | Lair:6   | Gained mutation: You have somewhat slow reflexes. (EV -5)
                  | [Ru sacrifice]
 28143 | Lair:6   | Reached ****** piety under Ru
 28224 | Lair:6   | Reached XP level 12. HP: 53/55 MP: 14/24
 28265 | Lair:6   | Slain by a yak
 28266 | Lair:6   | Reached XP level 11. HP: -1/51 MP: 0/23
 29291 | Lair:6   | Reached skill level 5 in Fire Magic
 29470 | Lair:6   | Found a large runed translucent door.
 29470 | Lair:6   | Found a large runed translucent door.
 29471 | Lair:6   | Noticed a fire dragon
 29503 | Lair:6   | Found the +3 pair of gauntlets of War {Slay+5}
 29514 | Lair:6   | Killed a fire dragon
 30105 | Lair:6   | Found a staircase to the Slime Pits.
 31105 | D:12     | Noticed Sonja
 31299 | D:12     | Found a staircase to the Orcish Mines.
 31322 | D:12     | Noticed Nessos
 31413 | D:12     | Slain by a large slime creature

Illustrated notes

Levels and vault maps discovered:
D:1:      amcnicky_arrival_gap_in_the_tavern_cellar, layout_basic
D:2:      layout_basic, basic_altar, chequers_mini_garden,
          hangedman_decor_riveting
D:3:      layout_basic, basic_ecumenical_altar, nicolae_wormholes
D:4:      layout_layer_cave, gammafunk_ghost_arena, minivault_24, uniq_grinder,
          uniq_duvessa, uniq_sigmund, uniq_ijyb
D:5:      layout_loops_ring, kennysheep_generic_room_3, uniq_crazy_yiuf_cottage,
          uniq_prince_ribbit1, uniq_blork_the_orc, uniq_eustachio
D:6:      layout_loops_ring, minmay_temple_entry_grid, uniq_edmund,
          uniq_menkaure
D:7:      layout_rooms, minmay_quadrilaterals
D:8:      layout_rooms, grunt_lair_entry_orc_guard_hut, uniq_psyche
D:9:      layout_stronghold, trog_butcher_becter, minivault_7
D:10:     layout_grid_maze, hangedman_abyss_or_decor_stagger, uniq_maurice,
          uniq_harold
D:11:     layout_small_grid, chequers_serial_rivers_room_a
D:12:     layout_loops_ring, orc_0_dummy, kennysheep_generic_room_9,
          uniq_nessos, uniq_sonja
Temple:   minmay_crystal_snake_temple
Lair:1:   layout_loops_ring, nzn_sisyphean_effort
Lair:2:   layout_misc_corridors, minmay_snake_entry_guardpost_medium,
          nicolae_lair_lakeside_cave
Lair:3:   minmay_lair_oklob_tunnel, layout_regular_city,
          portal_ice_cave_entry_pillars_2, lemuel_fruit_tree
Lair:4:   layout_layer_cave, minmay_shoals_entry_lonely_mermaid,
          minmay_shattered_shrine
Lair:5:   layout_long_grid
Lair:6:   cheibrodos_lair_end_hotspot, layout_regular_city,
          dpeg_slime_entry_corner, tgw_fedhas

Skill      XL: |  1  2  3  4  5  6  7  8  9 10 11 12 13 |
---------------+----------------------------------------+-----
Unarmed Combat | 1 2 4 6 12 9 11 | 12.0
Ice Magic      | 4 5 6 8 9 11 | 11.3
Spellcasting   | 3 4 5 6 8 |  8.0
Fighting       | 1 2 3 4 10 6 8 | 10.0
Dodging        | 3 4 5 6 7 8 10 | 10.0
Stealth        | 3 5 6 7 8 9 10 12 | 12.0
Evocations     | 2 4 0 |  0.0
Conjurations   | 2 4 6 11 10 | 11.3
Fire Magic     | 2 5 |  5.8

Action                   |  1- 3 |  4- 6 |  7- 9 | 10-12 | 13-15 || total
-------------------------+-------+-------+-------+-------+-------++-------
Melee: Unarmed           |    26 |    26 |   230 |   637 |   208 ||  1127
       Bite              |     1 |     5 |    17 |    64 |    13 ||   100
       Punch             |       |       |     5 |    30 |    10 ||    45
 Cast: Freeze            |    38 |    20 |    48 |    70 |    17 ||   193
       Frozen Ramparts   |     4 |    11 |    28 |   110 |    24 ||   177
       Ozocubu's Armour  |       |     6 |    35 |   122 |    31 ||   194
       Hailstorm         |       |       |     5 |   106 |    19 ||   130
       Foxfire           |       |       |       |    20 |     4 ||    24
       Flame Wave        |       |       |       |    28 |    12 ||    40
       Conjure Flame     |       |       |       |     8 |     2 ||    10
Invok: Sacrifice Artific |       |       |     1 |       |       ||     1
       Sacrifice Purity  |       |       |       |     2 |       ||     2
       Draw Out Power    |       |       |       |     8 |     2 ||    10
       Apocalypse        |       |       |       |     5 |       ||     5
       Power Leap        |       |       |       |     3 |       ||     3
       Sacrifice Health  |       |       |       |     1 |       ||     1
       Sacrifice Experie |       |       |       |     1 |       ||     1
       Sacrifice Love    |       |       |       |       |     1 ||     1
Evoke: Wand              |       |     2 |    15 |       |       ||    17
  Use: Scroll            |     4 |       |     9 |    12 |     6 ||    31
       Potion            |       |     1 |       |       |     1 ||     2
 Stab: Sleeping          |    11 |     2 |     8 |    32 |    17 ||    70
       Paralysed         |       |       |       |    10 |       ||    10
       Invisible         |       |       |       |     5 |     1 ||     6
       Distracted        |       |       |       |       |     1 ||     1
Armor: Skin              |       |     1 |    59 |   133 |    35 ||   228
Dodge: Dodged            |    31 |    47 |   230 |   696 |   220 ||  1224

Table legend: (Time is in decaauts)
 A = Elapsed time spent in this place.
 B = Non-inter-level travel time spent in this place.
 C = Inter-level travel time spent in this place.
 D = Time resting spent in this place.
 E = Time spent auto-exploring this place.
 F = Levels seen in this place.
 G = Mean time per level.
                   A        B        C        D        E       F      G
               +--------+--------+--------+--------+--------+-----+--------+
         Total |  28327 |  26927 |   1400 |   8205 |  14106 |  20 | 1416.3 |
       Dungeon |  14286 |  13422 |    864 |   3165 |   8127 |  12 | 1190.5 |
        Temple |    163 |    131 |     32 |      0 |    114 |   1 |  163.0 |
          Lair |  12887 |  12384 |    503 |   4238 |   5858 |   6 | 2147.8 |
      Ice Cave |    990 |    990 |      0 |    802 |      7 |   1 |  990.0 |
               +--------+--------+--------+--------+--------+-----+--------+

Top non-repeatable levels by time:
  Lair:6: 3276 daAuts
  Lair:5: 2920 daAuts
  Lair:1: 2068 daAuts
     D:4: 2000 daAuts
  Lair:4: 1776 daAuts
  Lair:2: 1723 daAuts
     D:9: 1550 daAuts
     D:5: 1500 daAuts
    D:10: 1482 daAuts
     D:8: 1345 daAuts
  Lair:3: 1123 daAuts
     D:7: 1073 daAuts
     D:3: 1033 daAuts
   IceCv: 990 daAuts
     D:1: 960 daAuts
